 Dungeon Crawl Stone Soup version 0.28-a0-589-g333b8329f1 (webtiles) character file.

Game seed: 6620224312581720929

245 blank1 the Skirmisher (level 5, -3/48 HPs)
             Began as a Minotaur Fighter on Oct 3, 2021.
             Slain by a kobold brigand (5 damage)
             ... on level 6 of the Dungeon.
             The game lasted 00:02:37 (913 turns).

blank1 the Skirmisher (Minotaur Fighter)             Turns: 913, Time: 00:02:38

Health: -3/48      AC:  7    Str: 20    XL:     5   Next: 84%
Magic:  0/4        EV: 10    Int:  5    God:
Gold:   90         SH:  4    Dex: 11    Spells: 4/4 levels left

rFire   . . .      SeeInvis .   a - +0 flail
rCold   . . .      Faith    .   c - +0 buckler
rNeg    . . .      Spirit   +   b - +0 scale mail
rPois   .          Reflect  .   (helmet restricted)
rElec   .          Harm     .   (no cloak)
rCorr   .          Rampage  .   (no gloves)
Will    .....                   (no boots)
Stlth   ..........              i - amulet of guardian spirit
HPRegen 0.16/turn               (no ring)
MPRegen 0.09/turn               (no ring)

@: mighty
A: horns 2, retaliatory headbutt
a: no special abilities


You were on level 6 of the Dungeon.
You visited 1 branch of the dungeon, and saw 4 of its levels.

You collected 90 gold pieces.

Inventory:

Hand Weapons
 a - a +0 flail (weapon)
Armour
 b - a +0 scale mail (worn)
 c - a +0 buckler (worn)
Jewellery
 i - an amulet of guardian spirit (around neck)
 j - a ring of wizardry
Scrolls
 f - a scroll of vulnerability {unknown}
 h - 2 scrolls of enchant armour {unknown}
 k - a scroll of fog {unknown}
Potions
 g - a potion of berserk rage


   Skills:
 + Level 5.3 Fighting
 + Level 4.4 Maces & Flails
 + Level 4.4 Armour
 + Level 2.6 Dodging
 - Level 4.0 Shields


You had 4 spell levels left.
You didn't know any spells.
Your spell library was empty.

Dungeon Overview and Level Annotations

Branches:
Dungeon (2/15)

Altars:


Innate Abilities, Weirdness & Mutations

You have a pair of horns on your head.
You reflexively headbutt those who attack you in melee.


Message History

The kobold shouts!
The steam dragon breathes steam at you.
The ball of steam misses the kobold.
The ball of steam hits you!
The kobold is engulfed in a cloud of scalding steam.
The kobold dies!
The gnoll hits you with a +0 halberd.
You hit the gnoll.
The gnoll is almost dead.
You are engulfed in a cloud of scalding steam.
* * * LOW HITPOINT WARNING * * *
The kobold is engulfed in a cloud of scalding steam.
The kobold dies!
You block the gnoll's attack.
Unknown command.
Unknown command.
You sock the gnoll!
You kill the gnoll!
You are engulfed in a cloud of scalding steam.
* * * LOW HITPOINT WARNING * * *
The kobold is engulfed in a cloud of scalding steam.
The kobold dies!
Unknown command.
The kobold throws a poisoned dart.
The poisoned dart barely misses you. The steam dragon barely misses you.
The steam dragon claws you but does no damage.
You closely miss the steam dragon. You block the steam dragon's attack.
The steam dragon claws you.
* * * LOW HITPOINT WARNING * * *
You bludgeon the steam dragon!! You headbutt the steam dragon!
The steam dragon is severely wounded.
The steam dragon breathes steam at you. The ball of steam misses you.
You hear a shout! x2; You hear an angry hiss.
You hear a bark!
You hear a shout!
You thump the steam dragon!
You kill the steam dragon!
The steam dragon scales are intact enough to wear.
You are engulfed in a cloud of scalding steam.
* * * LOW HITPOINT WARNING * * *
The kobold brigand hits you with a +0 dagger.
You die...

#. . .# # #.## .##
#. .# #.... .. ..
.. #.##.###.##. .#
#.......... ..
#.##$#.##.#.#
##§##........#...
#.§...#.#..$...#
#.@##.#.../..#.#
#K[##...#........
#.K##)#.#.#.##.#.#
#...))#..........
#..##.#.#.##.###.#
#..##)KK...... ..
#..##§#K##.###.
...##D#.# .#
###...K... .


You could see a kobold brigand and a kobold.

Vanquished Creatures
  A wyvern (D:6)
  A steam dragon (D:6)
  A wight (D:6)
  A gnoll (D:6)
  2 adders (D:2)
  An ufetubus (D:6)
  A ball python (D:1)
  7 bats
  An endoplasm (D:2)
  3 giant cockroaches
  4 goblins
  A hobgoblin (D:1)
  4 kobolds
  A quokka (D:1)
  3 frilled lizards
  4 rats
36 creatures vanquished.

Vanquished Creatures (others)
  3 kobolds (D:6)
3 creatures vanquished.

Grand Total: 39 creatures vanquished

Notes
Turn   | Place    | Note
-------+----------+-------------------------------------------
     0 | D:1      | blank1 the Minotaur Fighter began the quest for the Orb.
     0 | D:1      | Reached XP level 1. HP: 19/19 MP: 0/0
   249 | D:1      | Reached XP level 2. HP: 27/27 MP: 1/1
   689 | D:1      | Reached skill level 4 in Fighting
   713 | D:2      | Found a faded altar of an unknown god.
   787 | D:2      | Reached XP level 3. HP: 32/33 MP: 2/2
   875 | D:2      | Reached skill level 1 in Dodging
   883 | D:2      | You fall into a shaft and drop 1 floor!
   884 | D:3      | You fall into a shaft and drop 3 floors!
   884 | D:6      | Noticed a wyvern
   891 | D:6      | Noticed a steam dragon
   894 | D:6      | Killed a wyvern
   895 | D:6      | Reached skill level 5 in Fighting
   895 | D:6      | Reached XP level 4. HP: 34/42 MP: 3/3
   895 | D:6      | Reached XP level 5. HP: 38/48 MP: 4/4
   913 | D:6      | Killed a steam dragon
   913 | D:6      | HP: 2/48 [something (6)]
   913 | D:6      | Slain by a kobold brigand

Illustrated notes

Levels and vault maps discovered:
D:1:      minmay_arrival_radiant_lines, layout_basic, minmay_tetromino_t2
D:2:      layout_loops_ring, basic_ecumenical_altar
D:3:      layout_loops_ring, lemuel_crystal_altar, ebering_ghost_rock_garden,
          uniq_sigmund, uniq_grinder
D:6:      layout_loops_ring, general_overflow_altar, serial_shops,
          nicolae_shop_crystal, minmay_diced_spiral, uniq_duvessa, uniq_menkaure

Skill      XL: |  1  2  3 |
---------------+----------+-----
Armour         | 4 |  4.4
Shields        | 4 |  4.0
Fighting       | 4 5 |  5.3
Maces & Flails | 3 4 |  4.4
Dodging        | 2 |  2.6

Action                   |  1- 3 |  4- 6 || total
-------------------------+-------+-------++-------
Melee: Flail             |    71 |    12 ||    83
       Headbutt          |     8 |     2 ||    10
  Use: Scroll            |     1 |       ||     1
       Potion            |     1 |       ||     1
Armor: Scale mail        |    50 |     2 ||    52
Dodge: Dodged            |    46 |     8 ||    54
Block: Buckler           |    20 |     5 ||    25

Table legend: (Time is in decaauts)
 A = Elapsed time spent in this place.
 B = Non-inter-level travel time spent in this place.
 C = Inter-level travel time spent in this place.
 D = Time resting spent in this place.
 E = Time spent auto-exploring this place.
 F = Levels seen in this place.
 G = Mean time per level.
                   A        B        C        D        E       F      G
               +--------+--------+--------+--------+--------+-----+--------+
         Total |    932 |    913 |     19 |      0 |    676 |   4 |  233.0 |
       Dungeon |    932 |    913 |     19 |      0 |    676 |   4 |  233.0 |
               +--------+--------+--------+--------+--------+-----+--------+

Top non-repeatable levels by time:
     D:1: 723 daAuts
     D:2: 177 daAuts
     D:6: 30 daAuts
     D:3: 0 daAuts
